[Event "30th NATO Chess-ch 2019"]
[Site "Berlin"]
[Date "2019.09.20"]
[Round "7.21"]
[White "Marquardt, Christian"]
[Black "Hater, David"]
[Result "1/2-1/2"]
[ECO "A45"]
[WhiteElo "2049"]
[BlackElo "1973"]
[Annotator "NA"]
[PlyCount "105"]
[EventDate "2019.09.16"]
[EventType "swiss"]
[EventCountry "GER"]
[SourceTitle "playchess.com"]
[Source "ChessBase"]
[SourceQuality "1"]
[TimeControl "40/7200:1800"]

1. d4 Nf6 2. Bg5 Ne4 3. Bf4 d5 4. e3 c5 5. c3 Nc6 6. Nd2 Bf5 7. Ngf3 Qb6 8. Qb3 Nxd2 9. Nxd2 Qxb3 10. axb3 f6 11. Bb5 a6 12. Bxc6+ bxc6 13. Ke2 Kd7 14. Ra5 cxd4 15. exd4 Kc8 16. Rha1 Kb7 17. b4 e6 18. Nb3 Bc2 19. Nc1 Be7 20. Kd2 Bg6 21. Nb3 Rhe8 22. Re1 Bf8 23. f3 h5 24. h4 Bf5 25. Raa1 Be7 26. Re2 Rg8 27. Rf2 g5 28. hxg5 fxg5 29. Be5 g4 30. fxg4 Rxg4 31. g3 Rf8 32. Nc5+ Bxc5 33. bxc5 Rgg8 34. Bd6 Rf7 35. Ra3 Bg6 36. Rb3+ Ka7 37. Rxf7+ Bxf7 38. Rb6 Rc8 39. Ke3 Bg6 40. Kf4 Bd3 41. Kg5 Be2 42. Kf6 Bb5 43. Kxe6 Re8+ 44. Kd7 Re2 45. Kc7 a5 46. Rxb5 cxb5 47. c6 Re8 48. Bc5+ Ka6 49. Kd7 Rg8 50. Bd6 Kb6 51. Bc7+ Ka6 52. Bd8 Rg7+ 53. Kd6 1/2-1/2

[Event "30th NATO Chess-ch 2019"]
[Site "Berlin"]
[Date "2019.09.20"]
[Round "7.22"]
[White "Tucker, David S"]
[Black "Schott, Guido"]
[Result "1/2-1/2"]
[ECO "B27"]
[WhiteElo "1997"]
[BlackElo "2043"]
[Annotator "NA"]
[PlyCount "41"]
[EventDate "2019.09.16"]
[EventType "swiss"]
[EventCountry "GER"]
[SourceTitle "playchess.com"]
[Source "ChessBase"]
[SourceQuality "1"]
[TimeControl "40/7200:1800"]

1. e4 c5 2. Nf3 g6 3. d4 cxd4 4. Qxd4 Nf6 5. Nc3 Nc6 6. Qa4 d6 7. e5 Ng4 8. Bb5 Ngxe5 9. Nxe5 dxe5 10. Bxc6+ bxc6 11. Qxc6+ Bd7 12. Qc5 Bg7 13. O-O O-O 14. Rd1 Qc8 15. Qxe7 Bf5 16. Be3 Re8 17. Qh4 Rb8 18. Ne4 Bxe4 19. Qxe4 Rxb2 20. Bc1 Rb3 21. Qxe5 1/2-1/2

[Event "30th NATO Chess-ch 2019"]
[Site "Berlin"]
[Date "2019.09.20"]
[Round "7.23"]
[White "Nikomanis, Andreas"]
[Black "Wagenaar, Harm Theo"]
[Result "1-0"]
[ECO "C10"]
[WhiteElo "2053"]
[BlackElo "1879"]
[Annotator "NA"]
[PlyCount "71"]
[EventDate "2019.09.16"]
[EventType "swiss"]
[EventCountry "GER"]
[SourceTitle "playchess.com"]
[Source "ChessBase"]
[SourceQuality "1"]
[TimeControl "40/7200:1800"]

1. e4 e6 2. d4 d5 3. Nc3 dxe4 4. Nxe4 Bd7 5. Nf3 Bc6 6. Bd3 Nd7 7. Qe2 Ngf6 8. Nxf6+ Nxf6 9. O-O Be7 10. c3 Bxf3 11. Qxf3 Qd5 12. Qe2 O-O 13. Be3 c6 14. Rfe1 Rfe8 15. h3 a5 16. c4 Qd8 17. Rad1 Qc7 18. Bb1 Bd6 19. Bg5 Nd7 20. Qd3 Nf8 21. Re4 Be7 22. Bd2 b6 23. a3 Rad8 24. Bc3 f5 25. Ree1 Bf6 26. Qf3 c5 27. d5 Bxc3 28. Qxc3 g6 29. Bc2 exd5 30. cxd5 Qd6 31. Ba4 Re7 32. Rxe7 Qxe7 33. d6 Rxd6 34. Bb3+ Ne6 35. Rxd6 Z0 36. Qg7+ {--- Rd7} 1-0

[Event "30th NATO Chess-ch 2019"]
[Site "Berlin"]
[Date "2019.09.20"]
[Round "7.24"]
[White "Drenthen, Arjan"]
[Black "Fichtner, Ewald"]
[Result "0-1"]
[ECO "D17"]
[WhiteElo "1917"]
[BlackElo "2046"]
[Annotator "NA"]
[PlyCount "60"]
[EventDate "2019.09.16"]
[EventType "swiss"]
[EventCountry "GER"]
[SourceTitle "playchess.com"]
[Source "ChessBase"]
[SourceQuality "1"]
[TimeControl "40/7200:1800"]

1. d4 d5 2. c4 c6 3. Nf3 Nf6 4. Nc3 dxc4 5. a4 Bf5 6. Ne5 Nbd7 7. Nxc4 Qc7 8. g3 e5 9. dxe5 Nxe5 10. Bf4 Nfd7 11. Bg2 f6 12. O-O Be7 13. Qc1 Be6 14. Ne3 Qa5 15. Qc2 g5 16. Bxe5 Qxe5 17. Qe4 f5 18. Qxe5 Nxe5 19. a5 a6 20. Nc2 O-O-O 21. e3 c5 22. Rfd1 Bb3 23. Rxd8+ Rxd8 24. Ne1 Rd2 25. Rb1 Nc4 26. Nd5 Bd8 27. Nb6+ Nxb6 28. axb6 g4 29. Bf1 Bxb6 30. Nd3 Bc2 0-1

[Event "30th NATO Chess-ch 2019"]
[Site "Berlin"]
[Date "2019.09.20"]
[Round "7.25"]
[White "Nielsen, Jan Mose"]
[Black "Van den Heuvel, Tonnie"]
[Result "1-0"]
[ECO "E24"]
[WhiteElo "2044"]
[BlackElo "1819"]
[Annotator "NA"]
[PlyCount "29"]
[EventDate "2019.09.16"]
[EventType "swiss"]
[EventCountry "GER"]
[SourceTitle "playchess.com"]
[Source "ChessBase"]
[SourceQuality "1"]
[TimeControl "40/7200:1800"]

1. d4 Nf6 2. c4 e6 3. Nc3 Bb4 4. Qc2 c5 5. a3 Bxc3+ 6. bxc3 Nc6 7. Nf3 d5 8. Bg5 h6 9. cxd5 Nxd4 10. cxd4 hxg5 11. dxe6 Qa5+ 12. Kd1 Bxe6 13. Qxc5 Qa4+ 14. Ke1 Nd5 15. e4 1-0

[Event "30th NATO Chess-ch 2019"]
[Site "Berlin"]
[Date "2019.09.20"]
[Round "7.26"]
[White "Nilsson, Erik"]
[Black "Christen, Peter"]
[Result "1-0"]
[ECO "D15"]
[WhiteElo "2022"]
[BlackElo "2153"]
[Annotator "ChessBase"]
[PlyCount "107"]
[EventDate "2019.09.16"]
[EventType "swiss"]
[EventCountry "GER"]
[SourceTitle "playchess.com"]
[Source "ChessBase"]
[SourceQuality "1"]
[TimeControl "40/7200:1800"]

1. d4 d5 2. c4 c6 3. Nf3 Nf6 4. Nc3 a6 5. c5 Bf5 6. Qb3 Qc7 7. g3 Nbd7 8. Bf4 Qc8 9. Na4 Ra7 10. Bg2 Nh5 11. Be3 Be4 12. O-O Qc7 13. Nb6 Bxf3 14. exf3 e5 15. Nxd7 Qxd7 16. Qb6 Ra8 17. dxe5 g6 18. Rfe1 Ng7 19. Rad1 Be7 20. Qb3 O-O 21. Qc3 Rfe8 22. h4 Qe6 23. Bd4 Bf8 24. Kh2 Qe7 25. Bh3 Ne6 26. Bxe6 fxe6 27. Kg2 b6 28. b4 a5 29. a3 axb4 30. axb4 b5 31. Ra1 Qb7 32. Rxa8 Rxa8 33. Qe3 Ra4 34. Rb1 Qa7 35. h5 Ra3 36. Rb3 Ra2 37. hxg6 hxg6 38. Qg5 Qf7 39. Qe3 Qa7 40. Qd3 Kg7 41. Bb2 Qa4 42. Ra3 Rxa3 43. Qxa3 Qxa3 44. Bxa3 Kh7 45. f4 Bh6 46. Bc1 Bf8 47. Kf3 Be7 48. Be3 Kg8 49. Bd4 Kf7 50. g4 Bd8 51. Kg3 Be7 52. Kf3 Bf8 53. Z0 Ke8 54. f5 1-0

[Event "30th NATO Chess-ch 2019"]
[Site "Berlin"]
[Date "2019.09.20"]
[Round "7.27"]
[White "De Cat, Ben"]
[Black "Cheung, Jan"]
[Result "0-1"]
[ECO "D00"]
[WhiteElo "1891"]
[BlackElo "2015"]
[Annotator "NA"]
[PlyCount "49"]
[EventDate "2019.09.16"]
[EventType "swiss"]
[EventCountry "GER"]
[SourceTitle "playchess.com"]
[Source "ChessBase"]
[SourceQuality "1"]
[TimeControl "40/7200:1800"]

1. d4 Nf6 2. Nc3 g6 3. Bf4 d5 4. e3 Bg7 5. Nf3 O-O 6. Be2 b6 7. Nb5 Na6 8. Ne5 Bb7 9. O-O c6 10. Na3 Nc7 11. c3 Ne6 12. Bg3 Ne4 13. Nc2 c5 14. f3 Nxg3 15. hxg3 f6 16. Nd3 cxd4 17. Nxd4 Nxd4 18. exd4 e5 19. Nf2 Qd6 20. dxe5 fxe5 21. Ne4 Qe7 22. Nd2 Bh6 23. Nb3 Be3+ 24. Kh2 Qg5 25. Qxd5+ 0-1

[Event "30th NATO Chess-ch 2019"]
[Site "Berlin"]
[Date "2019.09.20"]
[Round "7.28"]
[White "Crapulli, Giuseppe"]
[Black "Parker, Glen D"]
[Result "1-0"]
[ECO "C92"]
[WhiteElo "1836"]
[BlackElo "2014"]
[Annotator "NA"]
[PlyCount "79"]
[EventDate "2019.09.16"]
[EventType "swiss"]
[EventCountry "GER"]
[SourceTitle "playchess.com"]
[Source "ChessBase"]
[SourceQuality "1"]
[TimeControl "40/7200:1800"]

1. e4 e5 2. Nf3 Nc6 3. Bb5 a6 4. Ba4 b5 5. Bb3 Nf6 6. O-O Be7 7. Re1 O-O 8. h3 d6 9. c3 Bb7 10. d4 h6 11. Nbd2 Re8 12. d5 Nb8 13. Nf1 c5 14. dxc6 Nxc6 15. N3h2 Bf8 16. Ng4 Na5 17. Nxf6+ Qxf6 18. Bd5 Bxd5 19. Qxd5 Nc4 20. Ne3 Qe6 21. Rd1 Nb6 22. Qd3 Rac8 23. b3 Nd7 24. Nd5 Rc6 25. Be3 Nc5 26. Qc2 Rec8 27. a4 bxa4 28. b4 Nb3 29. Rxa4 Nd4 30. Bxd4 exd4 31. Rxd4 g6 32. Rd1 Bg7 33. Ra3 Rc4 34. f3 R8c6 35. Rd3 Kh7 36. Qd2 f5 37. exf5 gxf5 38. Re3 Qf7 39. Re7 Qg6 40. b5 1-0

[Event "30th NATO Chess-ch 2019"]
[Site "Berlin"]
[Date "2019.09.20"]
[Round "7.29"]
[White "E. Balmaceda, Enrico"]
[Black "Filion, Charles"]
[Result "1-0"]
[ECO "A01"]
[WhiteElo "2006"]
[BlackElo "2199"]
[Annotator "ChessBase"]
[PlyCount "55"]
[EventDate "2019.09.16"]
[EventType "swiss"]
[EventCountry "GER"]
[SourceTitle "playchess.com"]
[Source "ChessBase"]
[SourceQuality "1"]
[TimeControl "40/7200:1800"]

1. b3 e5 2. Bb2 d6 3. g3 Nf6 4. Bg2 c6 5. d3 Be7 6. Nf3 Nbd7 7. Nbd2 Qc7 8. O-O O-O 9. c4 a5 10. a3 Re8 11. Qc2 Bf8 12. e3 d5 13. cxd5 Nxd5 14. d4 exd4 15. Nxd4 N7f6 16. Rac1 Qb6 17. Nc4 Qa6 18. e4 Nb6 19. Ne3 Bd7 20. Rfe1 Rad8 21. Bf1 Qa8 22. f3 Qc8 23. Qc3 Re5 24. Ndf5 Re6 25. Qxa5 Na8 26. Bc4 Ree8 27. Qc3 b5 28. Nh6+ 1-0

[Event "30th NATO Chess-ch 2019"]
[Site "Berlin"]
[Date "2019.09.20"]
[Round "7.30"]
[White "Ivbulis, Martins"]
[Black "Randall, Gordon"]
[Result "0-1"]
[ECO "A43"]
[WhiteElo "1795"]
[BlackElo "1975"]
[Annotator "NA"]
[PlyCount "79"]
[EventDate "2019.09.16"]
[EventType "swiss"]
[EventCountry "GER"]
[SourceTitle "playchess.com"]
[Source "ChessBase"]
[SourceQuality "1"]
[TimeControl "40/7200:1800"]

1. d4 Nf6 2. Nc3 c5 3. d5 d6 4. e4 g6 5. f4 Bg7 6. Nf3 O-O 7. a4 e6 8. Bc4 exd5 9. Bxd5 Nxd5 10. Qxd5 Nc6 11. Be3 Nd4 12. Bxd4 Be6 13. Qxb7 cxd4 14. Nb5 Qa5+ 15. Kf2 Rfb8 16. Qe7 a6 17. f5 gxf5 18. exf5 Bxf5 19. Nxd6 Bg6 20. Ne4 Qb6 21. a5 Qc6 22. Ned2 Bf6 23. Ne5 Qxc2 24. Qxf6 Qxd2+ 25. Kg3 Rxb2 26. Ng4 Qxg2+ 27. Kh4 h5 28. Rag1 Qe4 29. Kg5 Kh7 30. Qxf7+ Bxf7 31. Nf6+ Kg7 32. Nxe4 Bg6 33. Kf4 Rf8+ 34. Ke5 Re2 35. Kd5 Rf5+ 36. Kxd4 Rf4 37. Rg5 {[%emt 0:28:15] Rxe4+ 0:28:15 Kc5 0:28:04} Rf5 38. Rxf5 Bxf5 {[%emt 0:21:07] Kb6 0:21:07 Re6+ 0:26:40 Ka7 0:26:36 Bd3 0:26:36} 39. Rg1+ {[%emt 0:26:08] Rg6 0:26:08 Rd1 0:25:09 Bb5 0:25:09 Rd2 0:24:43} Kh6 {[%emt 0:16:44] Kb7 0:24:24} 40. h4 {[%emt 0:24:24] Kc7 0:15:56 h3 0:23:57 Rd8 0:23:54 Kg5 0:13:45 Rd4 0:22:54 Rc6+} 0-1